AoeStats
← *#Renovation#*

Fortress

509010180Analyzed
2v2 RM · 8d ago on Sep 25, 2026· 29m 19s· 4 players
Game mode
Random Map
Map size
Normal (6 player)
Population
200
Speed
Normal
Resources
Standard
Victory
Conquest
Starting age
Dark Age
Ending age
Imperial Age
RankedLock teamsTeams togetherTeam positionsShared explorationLock speedFull tech treeHidden civsTurbo modeCheats
Victory
Defeat
🇮🇩 Cumans · Indonesia
962
+13
🇨🇱 Mongols · Chile
960
+13
🇦🇷 Magyars · Argentina
921
-14
🇦🇷 Vietnamese · Argentina
862
-12
*#Renovation#*
2:30 Loom
7:36 Feudal Age
8:09 Double-Bit Axe
12:58 Castle Age
11:24 Fletching
11:49 Forging
11:31 Town Watch
12:07 Stone Mining
12:12 Gold Mining
13:13 Horse Collar
14:26 Bow Saw
17:51 Bodkin Arrow
20:40 Town Patrol
22:05 Wheelbarrow
29:26 Imperial Age
28:10 Ballistics
28:15 Bloodlines
爷爷泡的奶茶
8:05 Feudal Age
8:45 Horse Collar
8:52 Double-Bit Axe
12:22 Wheelbarrow
16:31 Gold Mining
20:30 Castle Age
19:00 Forging
18:55 Scale Barding Armor
19:22 Bloodlines
22:11 Chain Barding Armor
22:26 Iron Casting
22:27 Bow Saw
22:22 Heavy Plow
22:20 Capped Ram
24:53 Hand Cart
little_moyo
4:36 Loom
9:07 Feudal Age
9:40 Double-Bit Axe
9:49 Gold Mining
9:47 Horse Collar
15:19 Castle Age
14:11 Bloodlines
14:44 Scale Barding Armor
15:20 Stone Mining
16:30 Bow Saw
16:23 Heavy Plow
18:43 Wheelbarrow
19:28 Corvinian Army
22:13 Chain Barding Armor
22:44 Elite Skirmisher
24:35 Hand Cart
CHINPOKOMON
6:29 Loom
8:48 Feudal Age
9:50 Town Watch
13:06 Castle Age
12:45 Gold Mining
12:44 Double-Bit Axe
13:56 Wheelbarrow
13:31 Scale Mail Armor
13:33 Horse Collar
14:17 Elite Skirmisher
15:06 Elite Skirmisher
20:47 Heavy Plow
21:14 Fletching
28:06 Bodkin Arrow
28:12 Padded Archer Armor
29:50 Ballistics
29:48 Leather Archer Armor
Connection lost

Rejoining the realm…

Still unreachable

The connection could not be restored.

Session expired

The server has moved on; the page needs a fresh start.